 Dungeon Crawl Stone Soup version 0.27-a0-242-ge0fc76b88b (webtiles) character file.

Game seed: 8061711402086664772

1002 puppykicker the Shooter (level 8, 0/68 (69) HPs)
             Began as a Naga Arcane Marksman on Feb 2, 2021.
             Slain by an orc warrior
             ... wielding a +0 long sword
              (8 damage)
             ... on level 6 of the Dungeon.
             The game lasted 00:27:02 (7611 turns).

puppykicker the Shooter (Naga Arcane Marksman)      Turns: 7611, Time: 00:27:03

HP:   0/68 (69)     AC:  6    Str: 15    XL:     8   Next: 20%
MP:   2/11          EV: 14    Int: 14    God:
Gold: 201           SH:  0    Dex: 11    Spells: 2/13 levels left

rFire    . . .     SeeInvis +   a - +0 shortbow
rCold    . . .     Faith    .   (shield currently unavailable)
rNeg     . . .     Spirit   .   h - +0 leather armour
rPois    +         Reflect  .   (no helmet)
rElec    +         Harm     .   k - +0 cloak "Sops" {rElec}
rCorr    .         Rampage  .   u - +0 pair of gloves
Will     +....     Rnd*Rage +   (no barding)
Stlth    +.........             s - amulet of magic regeneration
HPRegen  0.21/turn              d - +4 ring of evasion
MPRegen  0.37/turn              (no ring)

@: hasted, lightly drained, quick
A: large, see invisible, berserk 1, deformed body, low mp 1, mutation resistance
1, poison resistance, slowness 2, spit poison 1, wild magic 1, AC +2
a: Spit Poison


You were on level 6 of the Dungeon.
You visited 1 branch of the dungeon, and saw 6 of its levels.

You collected 432 gold pieces.
You spent 231 gold pieces at shops.

Inventory:

Hand Weapons
 a - a +0 shortbow (weapon)
 b - a +0 lajatang
 j - a +0 war axe
Missiles
 e - 25 poisoned darts
 f - 6 curare-tipped darts
 Q - 65 arrows (quivered ammo)
Armour
 h - a +0 leather armour (worn)
 k - the +0 cloak "Sops" (worn) {rElec}
   (You found it on level 4 of the Dungeon)

   It insulates you from electricity.
 n - a +0 chain mail
 u - a +0 pair of gloves (worn)
 v - a scarf of repulsion
Jewellery
 d - a +4 ring of evasion (left hand)
 s - an amulet of magic regeneration (around neck)
Wands
 c - a wand of polymorph (7)
Scrolls
 i - 2 scrolls of identify
 r - a scroll of fog {unknown}
 t - 2 scrolls of teleportation
 B - 2 scrolls of blinking {!r}
Potions
 g - 5 potions of brilliance
 l - a potion of might
 m - a potion of flight
 o - a potion of attraction {!q}
 p - 2 potions of curing
 x - a potion of cancellation


   Skills:
 + Level 3.0 Fighting
 - Level 1.0 Axes
 * Level 2.8 Staves
 * Level 4.1 Bows
 + Level 2.4 Armour
 + Level 3.0 Dodging
 - Level 3.0 Spellcasting
 + Level 1.0 Conjurations
 - Level 3.0 Hexes
 + Level 2.4 Translocations
 + Level 1.1 Air Magic
 + Level 1.3 Poison Magic


You had 2 spell levels left.
You knew the following spells:

 Your Spells              Type           Power        Failure   Level
a - Magic Dart            Conj           24%          24%         1
b - Slow                  Hex            13%          17%         2
c - Mephitic Cloud        Conj/Pois/Air  6%           52%         3
f - Portal Projectile     Hex/Tloc       24%          34%         3
p - Blink                 Tloc           N/A          21%         2

Your spell library contained the following spells:

 Spells                   Type           Power        Failure   Level
 Corona                   Hex            14%          12%         1
 Call Imp                 Summ           2%           45%         2
 Confusing Touch          Hex            13%          30%         3
 Gell's Gravitas          Tloc           5%           36%         3
 Inner Flame              Hex/Fire       8%           47%         3
 Conjure Flame            Conj/Fire      4%           63%         3
 Cause Fear               Hex            6%           67%         4
 Leda's Liquefaction      Hex/Erth       4%           86%         4
 Petrify                  Tmut/Erth      2%           97%         4
 Metabolic Englaciation   Hex/Ice        4%           99%         5
 Yara's Violent Unravell  Hex/Tmut       4%           99%         5


Dungeon Overview and Level Annotations

Branches:
Dungeon (6/15)
 Temple: D:4-7

Altars:
Dithmenos
Hepliaklqana
Kikubaaqudgha
Trog
Wu Jian
Zin

Shops:
D:6 [


Innate Abilities, Weirdness & Mutations

You cannot wear boots.
Your serpentine skin is tough. (AC +2)
You have supernaturally acute eyesight. (SInv)
Armour fits poorly on your strangely shaped body.
Your system is resistant to poisons. (rPois)
You cover ground very slowly.
You can spit poison.
You tend to lose your temper in combat.
Your magical capacity is low. (-10% MP)
You are somewhat resistant to further mutation.
Your spells are a little harder to cast, but a little more powerful.


Message History

Fire: 67 arrows
Press: ? - help, Q - select action Shift-Dir - straight line, f/p - orc warrior
Aim: an orc warrior, wielding a +0 long sword and wearing a cursed +0 chain mail (moderately wounded, 55% to hit)
You shoot an arrow.
The arrow hits the orc warrior but does no damage.
Fire: 66 arrows
Press: ? - help, Q - select action Shift-Dir - straight line, f/p - orc warrior
Aim: an orc warrior, wielding a +0 long sword and wearing a cursed +0 chain mail (moderately wounded, 55% to hit)
You shoot an arrow.
The arrow hits the orc warrior but does no damage.
The orc warrior hits you with a +0 long sword!
* * * LOW HITPOINT WARNING * * *
You take 9 damage, and have 1/68 hp.
You feel better.
You recover from your berserk rage.
The wight barely misses you. The orc warrior completely misses you.
You regained 7 hp, and now have 8/68 hp.
You feel yourself speed up. The wight barely misses you.
The orc warrior hits you with a +0 long sword!
You die...

.#...## ##...##S≈# #≈≈#
###...####...## ≈≈# #≈≈#
##...#....## ≈###+###≈#
###........## ≈##≈.≈##≈#
#.........## ≈≈≈≈.≈≈≈≈#
...#......#### ## #....#
.............#### ##....##
.#.∩.#..........###......#
.....#..####....@o.......#
...#....# #####.z(......##
#.......# ###((......##
##.....## ##((..?...##
##....## #.........#
##......# #(...#.....#
#.......#### #(..####...#
.....##...^########....##
##.#
...####..<..............###
#


You could see an orc warrior and a wight.

Levels and vault maps discovered:
D:1:      amcnicky_arrival_double_pillar, layout_rooms
D:2:      layout_loops_ring, minmay_misc_feat_rows, kennysheep_generic_room_10
D:3:      layout_loops_ring, old_standard_altar, minmay_misc_feat_tower,
          kennysheep_generic_room_16
D:4:      layout_basic, nicolae_overflow_hidden_temple, serial_glass,
          glass_columns_b, glass_columns_a, trog_hazing_becter
D:5:      layout_loops_cross, pdpol_wu_jian_five_deadly_venoms, zin_statuary,
          st_stairs_11, nicolae_dithmenos_shadow_blocks, uniq_crazy_yiuf_cottage
D:6:      layout_layer_cave, serial_shops, nicolae_shop_stone,
          eino_small_chamber_without_monster, lightli_minifort

Notes
Turn   | Place    | Note
-------+----------+-------------------------------------------
     0 | D:1      | puppykicker the Naga Arcane Marksman began the quest for
                  | the Orb.
     0 | D:1      | Reached XP level 1. HP: 18/18 MP: 2/2
    53 | D:1      | Identified a +0 short sword
   156 | D:1      | Reached XP level 2. HP: 19/25 MP: 3/3
   159 | D:1      | Learned a level 2 spell: Slow
   268 | D:1      | Identified a +0 club
   272 | D:1      | Identified a +0 club
   274 | D:1      | Reached skill level 2 in Bows
   286 | D:1      | HP: 5/25 [frilled lizard (2)]
   585 | D:1      | Identified a +0 shortbow
   586 | D:1      | Identified a +0 mace (You found it on level 1 of the
                  | Dungeon)
   597 | D:1      | Identified a +0 leather armour (You found it on level 1 of
                  | the Dungeon)
   645 | D:1      | Identified a +0 dagger
   790 | D:1      | Reached XP level 3. HP: 31/31 MP: 5/5
   939 | D:1      | Identified 2 scrolls of remove curse
  1038 | D:2      | Identified 2 scrolls of identify
  1038 | D:2      | Identified a potion of degeneration
  1039 | D:2      | Identified a potion of brilliance
  1111 | D:2      | Identified a +0 quarterstaff (You found it on level 2 of
                  | the Dungeon)
  1345 | D:2      | Reached skill level 2 in Dodging
  1355 | D:2      | Reached skill level 1 in Armour
  1433 | D:2      | Reached XP level 4. HP: 39/39 MP: 6/6
  1444 | D:2      | Learned a level 3 spell: Portal Projectile
  1559 | D:2      | Identified a +0 dagger
  1699 | D:2      | Identified a potion of might
  1891 | D:3      | Found a hazy altar of Hepliaklqana.
  2021 | D:3      | Identified a cursed -2 ring mail (You found it on level 3
                  | of the Dungeon)
  2041 | D:3      | Identified a +0 club
  2050 | D:3      | Identified a cursed -1 hand axe (You found it on level 3 of
                  | the Dungeon)
  2146 | D:3      | Identified a potion of flight
  2208 | D:3      | Identified a +0 short sword
  2338 | D:3      | Identified a +0 war axe (You found it on level 3 of the
                  | Dungeon)
  2496 | D:3      | Identified an uncursed amulet of magic regeneration (You
                  | found it on level 3 of the Dungeon)
  2501 | D:3      | Identified a +0 club
  2506 | D:3      | Reached skill level 2 in Fighting
  2506 | D:3      | Reached XP level 5. HP: 39/45 MP: 7/7
  2794 | D:4      | Identified a +0 animal skin
  2795 | D:4      | Identified a +0 animal skin
  2801 | D:4      | Identified a scroll of fear
  2802 | D:4      | Identified a scroll of immolation
  2803 | D:4      | Identified a scroll of amnesia
  2803 | D:4      | Identified a +0 animal skin
  2807 | D:4      | Identified a +0 animal skin
  2829 | D:4      | Learned a level 2 spell: Blink
  2837 | D:4      | Found a bloodstained altar of Trog.
  2838 | D:4      | Identified a +0 animal skin
  2841 | D:4      | Identified a +0 animal skin
  2922 | D:4      | Got a warped cloak
  2928 | D:4      | Identified the cursed +0 cloak "Sops" {rElec} (You found it
                  | on level 4 of the Dungeon)
  2955 | D:4      | Identified a potion of heal wounds
  2995 | D:4      | Identified 2 scrolls of teleportation
  2997 | D:4      | Found an ancient bone altar of Kikubaaqudgha.
  3008 | D:5      | Entered Level 5 of the Dungeon
  3101 | D:4      | Identified a scroll of blinking
  3102 | D:4      | Identified a ring of teleportation (You found it on level 4
                  | of the Dungeon)
  3113 | D:4      | Identified a +0 chain mail (You found it on level 3 of the
                  | Dungeon)
  3198 | D:4      | Identified a ring of evasion (You found it on level 4 of
                  | the Dungeon)
  3255 | D:4      | Identified a +0 flail
  3255 | D:4      | Identified a +0 leather armour
  3255 | D:4      | Identified a +0 flail
  3255 | D:4      | Identified a +0 whip
  3255 | D:4      | Identified a +0 short sword
  3266 | D:4      | Reached skill level 1 in Axes
  3327 | D:4      | Identified a +0 lajatang (You found it on level 4 of the
                  | Dungeon)
  3381 | D:4      | Identified a +0 dagger
  3381 | D:4      | Identified a cursed +0 ring mail
  3381 | D:4      | Identified a +0 dagger
  3384 | D:4      | Reached skill level 2 in Spellcasting
  3461 | D:4      | Reached skill level 1 in Translocations
  3993 | D:5      | Found a runed translucent door.
  3994 | D:5      | Identified a +4 quarterstaff of chaos
  3994 | D:5      | Identified a +0 cloak
  3994 | D:5      | Noticed Crazy Yiuf
  4014 | D:5      | Noticed an ice beast
  4024 | D:5      | HP: 6/45 [ice beast (13)]
  4029 | D:5      | Identified 4 potions of curing
  4031 | D:5      | Killed an ice beast
  4032 | D:5      | Reached skill level 3 in Bows
  4032 | D:5      | Reached XP level 6. HP: 15/52 MP: 9/9
  4285 | D:5      | Found a shadowy altar of Dithmenos.
  4286 | D:5      | Identified a potion of attraction
  4320 | D:5      | Identified a +0 giant club
  4324 | D:5      | Reached skill level 1 in Staves
  4646 | D:5      | Identified a +0 shortbow
  4656 | D:5      | HP: 13/55 [centaur/arrow (4)]
  4659 | D:5      | Reached skill level 2 in Armour
  4659 | D:5      | Reached XP level 7. HP: 11/61 MP: 10/10
  4964 | D:5      | Found a glowing silver altar of Zin.
  4967 | D:5      | Identified a +0 club
  4967 | D:5      | Identified a +0 leather armour
  4967 | D:5      | Identified a +0 flail
  5052 | D:5      | HP: 15/61 [ice beast (5)]
  5052 | D:5      | HP: 2/61 [ice beast (13)]
  5418 | D:5      | Found an ornate altar of the Wu Jian Council.
  5681 | D:5      | HP: 14/61 [Crazy Yiuf/+4 quarterstaff of chaos (6)]
  5684 | D:5      | Killed Crazy Yiuf
  5685 | D:5      | Reached skill level 2 in Translocations
  5918 | D:5      | Learned a level 3 spell: Mephitic Cloud
  5920 | D:5      | Learned a level 1 spell: Magic Dart
  5938 | D:6      | Identified a +0 flail
  5942 | D:6      | Identified a +0 hand axe
  5943 | D:6      | Identified a +1 dagger of freezing
  6051 | D:6      | Reached skill level 2 in Staves
  6321 | D:6      | Identified a +0 whip
  6321 | D:6      | Identified a +0 ring mail
  6344 | D:6      | Identified a potion of haste
  6414 | D:6      | Found Ycoruk's Armour Shop.
  6427 | D:6      | Bought a +0 pair of gloves for 63 gold pieces
  6427 | D:6      | Bought a scarf of repulsion for 168 gold pieces
  6516 | D:6      | Identified a +0 dagger of protection
  6517 | D:6      | Identified a +0 flail
  6519 | D:6      | Identified a +0 dagger
  6519 | D:6      | Identified a +0 robe
  6757 | D:6      | Identified a +1 dire flail
  6757 | D:6      | Identified a cursed +0 robe
  6922 | D:6      | Identified a +0 spear
  6922 | D:6      | Identified a +0 halberd
  6922 | D:6      | Identified a +0 club
  6923 | D:6      | Identified a +0 halberd
  6943 | D:6      | Reached skill level 4 in Bows
  7201 | D:6      | Identified a +0 giant club
  7207 | D:6      | Reached skill level 3 in Fighting
  7207 | D:6      | Reached skill level 1 in Poison Magic
  7207 | D:6      | Reached XP level 8. HP: 66/69 MP: 12/12
  7310 | D:6      | Identified a potion of cancellation
  7311 | D:6      | Identified a potion of mutation
  7312 | D:6      | Gained mutation: Your magical capacity is low. (-10% MP)
                  | [potion of mutation]
  7312 | D:6      | Gained mutation: You tend to lose your temper in combat.
                  | [potion of mutation]
  7312 | D:6      | Gained mutation: Your spells are a little harder to cast,
                  | but a little more powerful. [potion of mutation]
  7312 | D:6      | Gained mutation: You are somewhat resistant to further
                  | mutation. [potion of mutation]
  7548 | D:6      | Reached skill level 3 in Spellcasting
  7548 | D:6      | Reached skill level 1 in Air Magic
  7558 | D:6      | Identified a +2 dagger of venom
  7558 | D:6      | Identified a +0 robe
  7559 | D:6      | Identified a +0 leather armour
  7572 | D:6      | Reached skill level 3 in Dodging
  7579 | D:6      | Identified a +0 long sword
  7579 | D:6      | Identified a cursed +0 chain mail
  7579 | D:6      | Identified a +0 dagger
  7579 | D:6      | Identified a +0 robe
  7595 | D:6      | Reached skill level 1 in Conjurations
  7597 | D:6      | HP: 7/68 [orc warrior/+0 long sword (19)]
  7609 | D:6      | HP: 1/68 [orc warrior/+0 long sword (10)]
  7611 | D:6      | Slain by an orc warrior

Table legend: (Time is in decaauts)
 A = Elapsed time spent in this place.
 B = Non-inter-level travel time spent in this place.
 C = Inter-level travel time spent in this place.
 D = Time resting spent in this place.
 E = Time spent auto-exploring this place.
 F = Levels seen in this place.
 G = Mean time per level.
                   A        B        C        D        E       F      G
               +--------+--------+--------+--------+--------+-----+--------+
         Total |   9436 |   9175 |    261 |   2468 |   5416 |   6 | 1572.7 |
       Dungeon |   9436 |   9175 |    261 |   2468 |   5416 |   6 | 1572.7 |
               +--------+--------+--------+--------+--------+-----+--------+

Top non-repeatable levels by time:
     D:5: 2449 daAuts
     D:6: 1991 daAuts
     D:4: 1489 daAuts
     D:3: 1175 daAuts
     D:1: 1168 daAuts
     D:2: 1161 daAuts

Table legend:
 A = Kills in this place as a percentage of kills in entire the game.
 B = Kills by you in this place as a percentage of kills by you in the entire game.
 C = Kills by friends in this place as a percentage of kills by friends in the entire game.
 D = Other kills in this place as a percentage of other kills in the entire game.
 E = Experience gained in this place as a percentage of experience gained in the entire game.
 F = Experience gained in this place divided by the number of levels of this place that you have seen.
                   A       B       C       D       E      F
               +-------+-------+-------+-------+-------+----------------------
         Total | 100.0 | 100.0 |   N/A |   N/A | 100.0 | 238.7
       Dungeon | 100.0 | 100.0 |   N/A |   N/A | 100.0 | 238.7
               +-------+-------+-------+-------+-------+----------------------

Skill      XL: |  1  2  3  4  5  6  7  8 |
---------------+-------------------------+-----
Bows           | 2 3 4 |  4.1
Dodging        | 2 3 |  3.0
Armour         | 1 2 |  2.4
Fighting       | 2 3 |  3.0
Axes           | 1 |  1.0
Spellcasting   | 2 3 |  3.0
Translocations | 1 2 |  2.4
Staves         | 1 2 |  2.8
Poison Magic   | 1 |  1.3
Air Magic      | 1 |  1.1
Conjurations   | 1 |  1.0
Hexes          | |  3.0

Action                   |  1- 3 |  4- 6 |  7- 9 || total
-------------------------+-------+-------+-------++-------
Melee: Short sword       |    28 |       |       ||    28
       Mace              |    35 |       |       ||    35
       Quarterstaff      |    13 |    47 |       ||    60
       War axe           |       |    33 |       ||    33
       Lajatang          |       |    54 |    98 ||   152
 Fire: Shortbow          |    11 |     9 |    42 ||    62
Throw: Dart              |     1 |    21 |     5 ||    27
 Cast: Blink             |       |       |    19 ||    19
       Mephitic Cloud    |       |       |     1 ||     1
 Abil: Spit Poison       |    24 |    23 |    15 ||    62
Evoke: Wand              |       |     2 |       ||     2
  Use: Scroll            |     3 |    12 |     3 ||    18
       Potion            |       |     3 |     5 ||     8
Armor: Robe              |     4 |       |       ||     4
       Leather armour    |    38 |    33 |    22 ||    93
Dodge: Dodged            |    60 |   113 |   106 ||   279

Vanquished Creatures
  2 ice beasts (D:5)
  2 ogres
  A centaur (D:5)
  A bullfrog (D:6)
  2 wights
  2 orc priests (D:6)
  Crazy Yiuf (D:5)
  An orc wizard (D:6)
  2 worker ants
  A howler monkey skeleton (D:4)
  4 gnolls (D:6)
  7 adders
  A shadow imp (D:2)
  3 white imps
  An ooze (D:6)
  2 worms (D:2)
  A dart slug (D:1)
  4 leopard geckos
  19 orcs
  4 bats
  6 giant cockroaches
  4 goblins
  7 hobgoblins
  9 jackals
  4 kobolds
  2 quokkas (D:5)
  A ball python zombie (D:5)
  8 frilled lizards
  6 rats
108 creatures vanquished.

Vanquished Creatures (others)
  5 fungi (D:5)
5 creatures vanquished.

Grand Total: 113 creatures vanquished
